 Dungeon Crawl Stone Soup version 0.24.0-1-gfbc8707 (webtiles) character file.

Game seed: 2149600087985275545, levelgen mode: deterministic

74138 RonnieColeman the Eclecticist (level 15, -6/83 (84) HPs)
             Began as a Deep Elf Conjurer on Nov 12, 2019.
             Was the Champion of Vehumet.
             Mangled by an eight-headed hydra (15 damage)
             ... in a Gauntlet on Nov 13, 2019.
             The game lasted 02:06:19 (20626 turns).

RonnieColeman the Eclecticist (Deep Elf Conjurer)  Turns: 20626, Time: 02:06:19

HP:   -6/83 (84)    AC:  9    Str:  7    XL:     15   Next: 6%
MP:   35/49         EV: 13    Int: 33    God:    Vehumet [******]
Gold: 1818          SH:  7    Dex: 15    Spells: 19/53 levels left

rFire    . . .     SeeInvis +   C - staff of energy
rCold    . . .     Gourm    .   r - +2 buckler {reflect}
rNeg     . . .     Faith    .   E - +1 robe "Hich" {Str+2 Int+6}
rPois    .         Spirit   .   H - +0 helmet
rElec    .         Reflect  +   O - +0 cloak {MR+}
rCorr    .         Harm     .   i - +0 pair of gloves
MR       ++...     NoTele   +   j - +1 pair of boots
Stlth    ++........             a - amulet of magic regeneration
HPRegen  0.23/turn              n - ring of magical power
MPRegen  0.56/turn              N - ring of see invisible

@: no status effects
A: no striking features
a: Renounce Religion


You were in a Gauntlet.
You worshipped Vehumet.
Vehumet was exalted by your worship.
You were not hungry.

You visited 5 branches of the dungeon, and saw 24 of its levels.
You also visited: Sewer, Bailey and Gauntlet.

You collected 1938 gold pieces.
You spent 120 gold pieces at shops.

Inventory:

Armour
 i - a +0 pair of gloves (worn)
 j - a +1 pair of boots (worn)
 r - a +2 buckler of reflection (worn)
 E - the +1 robe "Hich" (worn) {Str+2 Int+6}
   (You found it on level 8 of the Dungeon)

   It affects your strength (+2).
   It affects your intelligence (+6).
 H - a +0 helmet (worn)
 O - a +0 cloak of magic resistance (worn)
 P - a +0 troll leather armour
Magical Staves
 C - an uncursed staff of energy (weapon)
 X - an uncursed staff of power
Jewellery
 a - an amulet of magic regeneration (around neck)
 n - a ring of magical power (left hand)
 q - an uncursed ring of flight
 s - an uncursed amulet of the gourmand
 v - an uncursed ring of protection from cold
 A - an uncursed ring of protection from magic
 M - an uncursed ring of magical power
 N - a ring of see invisible (right hand)
Wands
 z - a wand of acid (8)
 G - a wand of disintegration (13)
 R - a wand of digging (11)
Scrolls
 b - a scroll of acquirement
 f - 10 scrolls of teleportation
 k - 5 scrolls of blinking
 l - 9 scrolls of remove curse
 p - 2 scrolls of amnesia
 x - a scroll of enchant armour
 y - 5 scrolls of fear
 I - 3 scrolls of identify
 L - a scroll of enchant weapon
 S - 2 scrolls of magic mapping
 T - 4 scrolls of fog
Potions
 d - 10 potions of might
 e - 10 potions of flight
 g - 4 potions of lignification
 h - 16 potions of curing
 m - 10 potions of heal wounds
 o - 3 potions of agility
 t - a potion of berserk rage
 w - a potion of mutation {unknown}
 D - 3 potions of brilliance
 J - 3 potions of haste
 Q - 2 potions of ambrosia
Miscellaneous
 u - a fan of gales
 B - a sack of spiders
 K - a crystal ball of energy
Comestibles
 c - 41 rations
 F - 2 chunks of flesh


   Skills:
 + Level 6.4 Fighting
 - Level 6.0 Armour
 - Level 2.4 Dodging
 - Level 2.4 Stealth
 - Level 5.0 Shields
 * Level 19.8 Spellcasting
 + Level 12.6 Conjurations
 + Level 14.7 Fire Magic


You had 19 spell levels left.
You knew the following spells:

 Your Spells              Type           Power        Failure   Level  Hunger
a - Magic Dart            Conj           ####         0%          1    None
b - Iskenderun's Battles  Conj/Chrm      ######..     1%          5    None
c - Iskenderun's Mystic   Conj           #######.     1%          4    None
d - Fireball              Conj/Fire      #######...   1%          5    None
e - Orb of Destruction    Conj           #######...   1%          7    None
f - Blink                 Tloc           N/A          1%          2    None
q - Force Lance           Conj/Tloc      ######..     1%          4    None
w - Iron Shot             Conj/Erth      ######....   3%          6    None

Your spell library contained the following spells:

 Spells                   Type           Power        Failure   Level  Hunger
 Poison Arrow             Conj/Pois      ######....   3%          6    None
 Flame Tongue             Conj/Fire      #####        0%          1    None
 Searing Ray              Conj           ######       0%          2    None
 Throw Flame              Conj/Fire      ######       0%          2    None
 Conjure Flame            Conj/Fire      #######.     0%          3    None
 Beastly Appendage        Tmut           ####..       1%          1    None
 Sandblast                Erth           ####..       1%          1    None
 Call Imp                 Summ           ####....     1%          2    None
 Passwall                 Tmut/Erth      ####....     1%          2    None
 Poisonous Vapours        Pois/Air       ####..       1%          2    None
 Slow                     Hex            ####....     1%          2    None
 Dazzling Spray           Conj/Hex       ######       1%          3    None
 Inner Flame              Hex/Fire       ######..     1%          3    None
 Mephitic Cloud           Conj/Pois/Air  ######..     1%          3    None
 Stone Arrow              Conj/Erth      ######       1%          3    None
 Fulminant Prism          Conj/Hex       ######....   1%          4    None
 Sticky Flame             Conj/Fire      #######.     1%          4    None
 Bolt of Magma            Conj/Fire/Erth #######...   1%          5    None
 Venom Bolt               Conj/Pois      ######....   1%          5    None
 Spider Form              Tmut/Pois      ####......   3%          3    None
 Lee's Rapid Deconstruct  Erth           ####......   8%          5    None
 Yara's Violent Unravell  Hex/Tmut       ####......   8%          5    None
 Freezing Cloud           Conj/Ice/Air   ######....   8%          6    None
 Ice Form                 Ice/Tmut       ####....     11%         4    None
 Petrify                  Tmut/Erth      ####....     11%         4    None
 Spellforged Servitor     Conj/Summ      ######....   17%         7    None
 Alistair's Intoxication  Tmut/Pois      ####....     28%         5    None
 Ring of Flames           Chrm/Fire      ######....   38%         7    None


Dungeon Overview and Level Annotations

Branches:
Dungeon (14/15)            Temple (1/1) D:4            Lair (6/6) D:8
  Swamp (1/4) Lair:4        Snake (0/4) Lair:3        Slime (0/5) Lair:6
    Orc (2/2) D:9             Elf (0/3) Orc:2         Sewer (visited)
 Bailey (visited)         Gauntlet (1/1)
 Vaults: D:13-14

Altars:
Ashenzari
Cheibriados
Dithmenos
Elyvilon
Fedhas
Gozag
Hepliaklqana
Kikubaaqudgha
Makhleb
Nemelex Xobeh
Okawaru
Qazlal
Ru
Sif Muna
Trog
Uskayaw
Vehumet
Wu Jian
Xom
Yredelemnul
Zin
The Shining One
Beogh
Jiyva

Shops:
D:6 [   Orc:2 }[(?

Annotations:
D:6 1 runed translucent door, alcopop's ghost, amateur DsSu
D:10 1 runed translucent door Gauntlet 2 transporters


Message History

You kill the torpor snail!
Vehumet accepts your kill.
You feel your power returning.
Your life force feels restored.
The orb of energy explodes!
The mystic blast hits the eight-headed hydra!
The eight-headed hydra is lightly wounded.
You feel yourself speed up.
Your battlesphere is no longer moving slowly.
Your battlesphere fires!
The eight-headed hydra closely misses you.
The eight-headed hydra bites you!
* * * LOW HITPOINT WARNING * * *
The eight-headed hydra bites you but does no damage.
The eight-headed hydra bites you!
* * * LOW HITPOINT WARNING * * *
The eight-headed hydra bites you.
* * * LOW HITPOINT WARNING * * *
The eight-headed hydra bites you!
You die...

#§.....#.©.#.....###
##.8...#.8.#...8....#
#......#.§.#........#
#≈...###########.....#
##...#.........#...###
≈...#.##...##.#...#.#
..#. .###.#.#...#..
..#..##.##*.#...#..
8.#....©...@#.8.#©#
..#..##.##D.#...###
..# ###.#.#...## .
...##.#...#[? [.©?
..#...###
##########......
...........8....
.....8........... ....
...#≈##


You could see an eight-headed hydra and a friendly battlesphere.

Vanquished Creatures
  Jorgrun (Orc:1)
  An orc warlord (Orc:2)
  The ghost of binmo the Spear-Bearer, a journeyman MfFi of Trog (D:12)
  8 hydras
  Erolcha (D:11)
  4 ogre magi
  4 two-headed ogres (D:13)
  3 death yaks (Lair:6)
  Urug (Lair:2)
  Nergalle (Orc:2)
  A death drake (Gauntlet)
  2 unseen horrors (D:12)
  3 orc knights
  An ugly thing (D:13)
  A deep elf mage (D:12)
  2 cyclopes
  A manticore (D:12)
  6 orc sorcerers (Orc:2)
  A spectral centaur (Gauntlet)
  Joseph (D:8)
  A gargoyle (D:12)
  8 black mambas
  A torpor snail (Gauntlet)
  11 spiny frogs
  3 centaur skeletons
  3 rime drakes
  10 komodo dragons
  A queen bee (Lair:1)
  4 trolls
  6 polar bears
  6 hornets (Lair:6)
  7 blink frogs
  14 hippogriffs
  10 dream sheep
  14 spriggans (Lair:6)
  2 shadows
  A wyvern (Lair:6)
  A vampire (D:12)
  39 yaks
  Eustachio (D:4)
  2 basilisks
  3 hungry ghosts
  A two-headed ogre zombie (D:9)
  6 wargs
  6 nagas (Lair:3)
  A soldier ant (D:12)
  6 porcupines
  12 water moccasins
  25 orc warriors
  A sky beast (D:13)
  5 black bears
  2 ice beasts
  6 phantoms
  4 boggarts (Lair:6)
  A necrophage (D:7)
  25 wolves
  11 centaurs
  15 crocodiles
  9 ogres
  3 big kobolds
  10 bullfrogs
  A water moccasin zombie (D:8)
  A wyvern skeleton (D:10)
  24 killer bees (Lair:1)
  4 scorpions
  3 troll zombies (D:9)
  21 wights
  2 howler monkeys
  An electric eel (Lair:4)
  4 crimson imps
  4 centaur zombies
  3 bullfrog zombies
  Crazy Yiuf (D:3)
  2 bullfrog skeletons
  18 orc priests
  7 hounds
  2 jellies
  43 orc wizards
  Jessica (D:3)
  4 iguanas
  A gnoll shaman (D:7)
  12 worker ants
  4 hell rats (Lair:4)
  A killer bee zombie (D:8)
  4 ogre zombies (D:9)
  3 hound skeletons
  2 howler monkey zombies
  A worker ant zombie (D:5)
  10 gnolls
  A howler monkey skeleton (D:5)
  4 river rats (D:5)
  14 adders
  3 shadow imps
  2 oozes
  3 adder skeletons
  10 worms
  A dart slug (D:2)
  6 leopard geckos
  88 orcs
  4 giant cockroaches
  12 goblins
  9 hobgoblins
  6 jackals
  42 kobolds
  2 quokkas
  4 ball pythons
  8 bats
  5 frilled lizards
  2 goblin skeletons (D:9)
  3 goblin zombies (D:9)
  A hobgoblin skeleton (D:9)
  2 hobgoblin zombies (D:9)
  A leopard gecko skeleton (D:4)
  3 orc skeletons (D:9)
  14 orc zombies (D:9)
  10 rats
  4 bushes (Lair:6)
  5 fungi (Lair:6)
  A plant (Lair:6)
795 creatures vanquished.

Vanquished Creatures (others)
  An orc (Orc:2)
  A kobold (Bailey)
  9 fungi
  4 plants
15 creatures vanquished.

Grand Total: 810 creatures vanquished

Notes
Turn   | Place    | Note
-------+----------+-------------------------------------------
     0 | D:1      | RonnieColeman the Deep Elf Conjurer began the quest for the
                  | Orb.
     0 | D:1      | Reached XP level 1. HP: 10/10 MP: 6/6
   370 | D:1      | Reached XP level 2. HP: 13/15 MP: 3/8
   495 | D:1      | Reached skill level 4 in Spellcasting
  1042 | D:2      | Reached XP level 3. HP: 18/19 MP: 7/10
  1361 | D:2      | Reached skill level 5 in Spellcasting
  1361 | D:2      | Reached skill level 5 in Conjurations
  1361 | D:2      | Reached XP level 4. HP: 16/24 MP: 4/13
  1430 | D:2      | Learned a level 4 spell: Iskenderun's Mystic Blast
  1763 | D:3      | Noticed Jessica
  1764 | D:3      | Killed Jessica
  1764 | D:3      | Reached skill level 6 in Spellcasting
  1764 | D:3      | Reached XP level 5. HP: 28/28 MP: 15/15
  1832 | D:3      | Found a runed translucent door.
  1833 | D:3      | Noticed Crazy Yiuf
  2083 | D:3      | Noticed a phantom
  2102 | D:3      | Killed a phantom
  2102 | D:3      | Reached skill level 7 in Spellcasting
  2102 | D:3      | Reached XP level 6. HP: 23/32 MP: 0/18
  2352 | D:3      | Found a hazy altar of Hepliaklqana.
  2352 | D:3      | Found a sacrificial altar of Ru.
  2521 | D:3      | Killed Crazy Yiuf
  2945 | D:4      | Reached skill level 8 in Spellcasting
  2961 | D:4      | Noticed Eustachio
  3085 | D:4      | Killed Eustachio
  3085 | D:4      | Reached XP level 7. HP: 20/36 MP: 1/21
  3261 | D:4      | Reached skill level 9 in Spellcasting
  3468 | D:4      | Found a staircase to the Ecumenical Temple.
  3480 | Temple   | Entered the Ecumenical Temple
  3513 | Temple   | Became a worshipper of Vehumet
  3950 | D:5      | Entered Level 5 of the Dungeon
  4260 | D:5      | Reached skill level 10 in Spellcasting
  4265 | D:5      | Found a glowing drain.
  4270 | Sewer    | Entered a sewer
  4417 | Sewer    | Reached * piety under Vehumet
  4417 | Sewer    | Offered knowledge of Freeze by Vehumet.
  4451 | Sewer    | Learned a level 4 spell: Force Lance
  4454 | Sewer    | Learned a level 2 spell: Blink
  4458 | Sewer    | Learned a level 3 spell: Mephitic Cloud
  4462 | Sewer    | Learned a level 3 spell: Conjure Flame
  4606 | Sewer    | Reached XP level 8. HP: 41/41 MP: 22/24
  5019 | D:5      | Offered knowledge of Throw Frost by Vehumet.
  5019 | D:5      | Reached skill level 11 in Spellcasting
  5148 | D:5      | Found a white marble altar of Elyvilon.
  5219 | D:5      | Found an ornate altar of the Wu Jian Council.
  5367 | D:5      | Reached ** piety under Vehumet
  5439 | D:6      | Found a runed translucent door.
  5546 | D:6      | Reached skill level 1 in Fire Magic
  5565 | D:6      | Reached skill level 1 in Fighting
  5746 | D:6      | Found an iron altar of Okawaru.
  5932 | D:6      | Found Pougomito's Armour Shoppe.
  5941 | D:6      | Learned a level 5 spell: Fireball
  5964 | D:6      | Noticed alcopop's ghost (amateur DsSu)
  6220 | D:6      | Found a glowing golden altar of the Shining One.
  6374 | D:6      | Reached XP level 9. HP: 48/48 MP: 23/26
  6564 | D:7      | Reached skill level 12 in Spellcasting
  6675 | D:7      | Got a scorched leather armour
  6686 | D:7      | Identified the cursed +1 leather armour "Azxaom" {-Tele rN+
                  | rCorr Int+4} (You found it on level 7 of the Dungeon)
  6741 | D:7      | Reached skill level 1 in Armour
  6839 | D:7      | Reached skill level 1 in Shields
  6992 | D:7      | Offered knowledge of Ignite Poison by Vehumet.
  7252 | D:7      | Reached *** piety under Vehumet
  7365 | D:7      | Found a shimmering blue altar of Sif Muna.
  7759 | D:8      | Offered knowledge of Static Discharge by Vehumet.
  7983 | D:8      | Reached XP level 10. HP: 47/53 MP: 4/28
  8162 | D:8      | Noticed Joseph
  8167 | D:8      | Killed Joseph
  8292 | D:8      | Reached skill level 13 in Spellcasting
  8468 | D:8      | Learned a level 5 spell: Iskenderun's Battlesphere
  8524 | D:8      | Found a shattered altar of Ashenzari.
  8538 | D:8      | Reached **** piety under Vehumet
  8552 | D:8      | Got a faintly glowing robe
  8686 | D:8      | Found a staircase to the Lair.
  8784 | Lair:1   | Entered Level 1 of the Lair of Beasts
  8824 | Lair:1   | Reached skill level 5 in Armour
  8832 | Lair:1   | Offered knowledge of Yara's Violent Unravelling by Vehumet.
  8851 | Lair:1   | Noticed a spiny frog
  8856 | Lair:1   | Killed a spiny frog
  8856 | Lair:1   | Reached skill level 5 in Shields
  8938 | Lair:1   | Noticed an eight-headed hydra
  8942 | Lair:1   | Killed an eight-headed hydra
  8979 | Lair:1   | Reached skill level 14 in Spellcasting
  9101 | Lair:1   | Reached XP level 11. HP: 57/57 MP: 16/31
  9286 | Lair:1   | Identified the +1 robe "Hich" {Str+2 Int+6} (You found it
                  | on level 8 of the Dungeon)
  9635 | Lair:1   | Reached skill level 5 in Fire Magic
 10161 | Lair:2   | Got a dazzling falchion
 10291 | Lair:2   | Noticed Urug
 10296 | Lair:2   | Killed Urug
 10296 | Lair:2   | Reached skill level 15 in Spellcasting
 10386 | Lair:2   | Found a stormy altar of Qazlal.
 10763 | Lair:3   | Found a staircase to the Snake Pit.
 10873 | Lair:3   | Reached ***** piety under Vehumet
 10880 | Lair:3   | Offered knowledge of Lee's Rapid Deconstruction by Vehumet.
 11066 | Lair:3   | Reached XP level 12. HP: 62/62 MP: 1/33
 11605 | Lair:4   | Reached skill level 16 in Spellcasting
 11660 | Lair:4   | Noticed a five-headed hydra
 11670 | Lair:4   | Killed a five-headed hydra
 11670 | Lair:4   | Reached skill level 10 in Fire Magic
 11701 | Lair:4   | Found a staircase to the Swamp.
 12402 | Swamp:1  | Entered Level 1 of the Swamp
 12583 | Lair:5   | Identified the +4 falchion of Mastery {distort, Dex+3} (You
                  | found it on level 2 of the Lair of Beasts)
 13132 | Lair:6   | Entered Level 6 of the Lair of Beasts
 13132 | Lair:6   | Noticed a four-headed hydra
 13139 | Lair:6   | Killed a four-headed hydra
 13387 | Lair:6   | Noticed a five-headed hydra
 13394 | Lair:6   | Killed a five-headed hydra
 13561 | Lair:6   | Reached skill level 10 in Conjurations
 13565 | Lair:6   | Reached XP level 13. HP: 70/70 MP: 35/35
 13588 | Lair:6   | Offered knowledge of Airstrike by Vehumet.
 13691 | Lair:6   | Reached skill level 17 in Spellcasting
 14325 | Lair:6   | Found a staircase to the Slime Pits.
 14326 | Lair:6   | Found a viscous altar of Jiyva.
 14897 | D:9      | Offered knowledge of Lightning Bolt by Vehumet.
 15122 | D:9      | Found a staircase to the Orcish Mines.
 15148 | D:9      | Learned a level 7 spell: Orb of Destruction
 15523 | Orc:1    | Entered Level 1 of the Orcish Mines
 15580 | Orc:2    | Entered Level 2 of the Orcish Mines
 15598 | Orc:2    | Found a staircase to the Elven Halls.
 15825 | Orc:1    | Noticed Jorgrun
 15829 | Orc:1    | Offered knowledge of Irradiate by Vehumet.
 15829 | Orc:1    | Killed Jorgrun
 15829 | Orc:1    | Reached skill level 18 in Spellcasting
 16071 | Orc:1    | Found a roughly hewn altar of Beogh.
 16385 | Orc:2    | Reached XP level 14. HP: 76/76 MP: 38/38
 16464 | Orc:2    | Noticed an orc warlord
 16474 | Orc:2    | Killed an orc warlord
 16516 | Orc:2    | Found a roughly hewn altar of Beogh.
 16675 | Orc:2    | Offered knowledge of Bolt of Fire by Vehumet.
 16683 | Orc:2    | Reached skill level 5 in Fighting
 16722 | Orc:2    | Found Ohovvir's Magic Scroll Shop.
 16735 | Orc:2    | Noticed Nergalle
 16740 | Orc:2    | Killed Nergalle
 16742 | Orc:2    | Found an ancient bone altar of Kikubaaqudgha.
 16839 | Orc:2    | Found a roughly hewn altar of Beogh.
 16839 | Orc:2    | Found Nixzui Ihel's Antique Armour Boutique.
 16853 | Orc:2    | Reached ****** piety under Vehumet
 16854 | Orc:2    | Found Eddeamp's Gadget Boutique.
 16867 | Orc:2    | Found Cousyppu's Antique Weapon Shop.
 16908 | Orc:2    | Found a radiant altar of Vehumet.
 16946 | Orc:2    | Bought a scroll of identify for 30 gold pieces
 16946 | Orc:2    | Bought a scroll of identify for 30 gold pieces
 16946 | Orc:2    | Bought a scroll of identify for 30 gold pieces
 16946 | Orc:2    | Bought a scroll of identify for 30 gold pieces
 17225 | Orc:2    | Identified a scroll of acquirement
 17236 | Orc:2    | Learned a level 6 spell: Iron Shot
 17320 | D:10     | Entered Level 10 of the Dungeon
 17323 | D:10     | Found a runed translucent door.
 17324 | D:10     | Found a glowing silver altar of Zin.
 17324 | D:10     | Noticed an angel
 17550 | D:10     | Identified the Collected Works on Moulding
 18118 | D:11     | Offered knowledge of Conjure Ball Lightning by Vehumet.
 18319 | D:11     | Noticed Erolcha
 18322 | D:11     | Killed Erolcha
 18501 | D:11     | Reached skill level 19 in Spellcasting
 19169 | D:12     | Found a runed translucent door.
 19170 | D:12     | Noticed binmo's ghost (journeyman MfFi)
 19179 | D:12     | Killed binmo's ghost
 19441 | D:13     | Found a flagged portal.
 19457 | Bailey   | Entered a bailey
 19534 | Bailey   | Identified the cursed +1 chain mail of the Elven Halls
                  | {-Cast Int+2 Dex+3 Stlth+}
 19700 | Bailey   | Offered knowledge of Poison Arrow by Vehumet.
 20346 | D:13     | Reached XP level 15. HP: 84/84 MP: 29/40
 20464 | D:14     | Found a gate leading to a gauntlet.
 20520 | Gauntlet | Entered a Gauntlet
 20520 | Gauntlet | Found a transporter.
 20524 | Gauntlet | Found a transporter.
 20524 | Gauntlet | Found a runed translucent door.
 20536 | Gauntlet | Found a transporter.
 20536 | Gauntlet | Found a transporter.
 20617 | Gauntlet | Found a transporter.
 20626 | Gauntlet | Mangled by an eight-headed hydra

Levels and vault maps discovered:
D:1:      lightli_arrival_isolated_outpost, layout_basic
D:2:      layout_loops_corners, minivault_14
D:3:      layout_loops_ring, chequers_temple_overflow_statue_of_worship,
          uniq_jessica, uniq_crazy_yiuf_cottage
D:4:      layout_rooms, temple_hall, uniq_eustachio
D:5:      layout_loops_ring, kennysheep_mini, nicolae_overflow_hidden_temple,
          first_ration, lightli_sewer_entry_pipes
D:6:      layout_loops_ring, kennysheep_little_box, okawaru_gym_becter,
          ebering_ghost_sewer_d, serial_shops, kennysheep_mini_moat,
          bh_walls_and_bars
D:7:      layout_basic, basic_altar, grunt_ogre_cave, minmay_circle_x
D:8:      layout_rooms, david_lair_shrubbed, evilmike_ruin_ashenzari,
          uniq_joseph
D:9:      layout_cave_pools, zombieorc2_lemuel
D:10:     layout_cave_pods, lemuel_angel_altar
D:11:     layout_gridville, uniq_erolcha
D:12:     layout_roguey, ebering_ghost_inner_flame
D:13:     layout_rooms, enter_bailey_3, chequers_serial_rivers_micro_a
D:14:     layout_roguey, skrybe_vaults_entry_preservation,
          chequers_serial_rivers_micro_d, gauntlet_entry_generic
Temple:   nicolae_temple_elliptical
Lair:1:   layout_roguey [special_room_bee], chequers_serial_rivers_large_a,
          serial_bayou_pond_b, grunt_megastairs_2
Lair:2:   layout_roguey, basic_altar, infiniplex_staircase_pool, uniq_urug
Lair:3:   layout_gridlike, minmay_snake_entry_guardpost_medium
Lair:4:   layout_loops_ring, swamp_mist_pool, lemuel_fruit_fields,
          grunt_megastairs_4
Lair:5:   layout_regular_city, chequers_serial_rivers_micro_d
Lair:6:   minmay_lair_end_enchanted_forest, layout_misc_corridors, slime_altar_1
Swamp:1:  layout_basic_swamp, nicolae_swamp_godswood, uniq_aizul, uniq_josephine
Orc:1:    layout_caves, basic_altar, uniq_jorgrun
Orc:2:    kennysheep_orc_mage_school, layout_diamond_mine, basic_altar
Gauntlet: minmay_gauntlet_mixed_oops_all_seconds [minmay_gauntlet_arena_77_path,
          gammafunk_gauntlet_arena_chambers,
          minmay_gauntlet_arena_77_block_sizes,
          gammafunk_gauntlet_arena_corners, minmay_gauntlet_arena_77_fan,
          nicolae_gauntlet_arena_blocks, gauntlet_exit_spiral]

Skill      XL: |  1  2  3  4  5  6  7  8  9 10 11 12 13 14 |
---------------+-------------------------------------------+-----
Spellcasting   | 4 5 6 7 8 10 11 12 14 15 16 18 19 | 19.8
Conjurations   | 5 6 7 8 10 11 12 | 12.6
Fire Magic     | 2 3 9 12 13 14 | 14.7
Fighting       | 1 2 4 6 |  6.4
Armour         | 4 6 |  6.0
Shields        | 3 5 |  5.0
Dodging        | |  2.4
Stealth        | |  2.4

Action                   |  1- 3 |  4- 6 |  7- 9 | 10-12 | 13-15 || total
-------------------------+-------+-------+-------+-------+-------++-------
Melee: Short sword       |    15 |     5 |       |       |       ||    20
       Mace              |       |     2 |    15 |       |       ||    17
       Staff             |       |       |       |     2 |     1 ||     3
 Cast: Magic Dart        |    56 |    69 |   179 |   160 |   248 ||   712
       Iskenderun's Myst |       |    29 |   152 |   148 |   301 ||   630
       Force Lance       |       |       |     2 |    18 |    20 ||    40
       Iskenderun's Batt |       |       |       |    44 |    85 ||   129
       Fireball          |       |       |       |    29 |    77 ||   106
       Orb of Destructio |       |       |       |       |     9 ||     9
       Blink             |       |       |       |       |     4 ||     4
Evoke: Wand              |       |       |       |     2 |       ||     2
  Use: Scroll            |       |       |     9 |    11 |     8 ||    28
  Eat: Chunk             |     1 |    11 |    25 |     9 |    21 ||    67
Armor: Robe              |       |     5 |     7 |     4 |    18 ||    34
       Leather armour    |       |       |     1 |    10 |       ||    11
Dodge: Dodged            |    18 |    11 |    34 |    32 |    42 ||   137
Block: Buckler           |       |       |       |    16 |    28 ||    44
       Reflection        |       |       |       |       |    12 ||    12
